 Dungeon Crawl Stone Soup version 0.20-a0-848-g73d9be0 (webtiles) character file.

251 Alarkh the Skirmisher (level 5, -3/42 HPs)
             Began as a Demonspawn Fighter on Mar 9, 2017.
             Slain by an ogre
             ... wielding a +0 giant club
              (14 damage)
             ... on level 4 of the Dungeon.
             The game lasted 00:03:48 (2555 turns).

Alarkh the Skirmisher (Demonspawn Fighter)          Turns: 2555, Time: 00:03:49

Health: -3/42      AC:  6    Str: 22    XL:     5   Next: 88%
Magic:  5/5        EV: 13    Int: 10    God:
Gold:   137        SH: 10    Dex: 17    Spells: 4/4 levels left

rFire    . . .     SeeInvis .   a - +3 long sword
rCold    + . .     Gourm    .   b - +0 scale mail
rNeg     . . .     Faith    .   c - +0 shield
rPois    +         Spirit   .   (helmet restricted)
rElec    .         Reflect  .   (no cloak)
rCorr    .         Harm     .   (no gloves)
MR       .....                  (no boots)
Stlth    +.........             (no amulet)
Regen    0.2/turn               o - ring of poison resistance
MPRegen  0.1/turn               m - ring of protection from cold

@: mighty, agile
A: horns 1, powered by death 1, rot immunity
a: no special abilities


You were on level 4 of the Dungeon.
You were not hungry.

You visited 1 branch of the dungeon, and saw 4 of its levels.

You collected 137 gold pieces.

Inventory:

Hand Weapons
 a - a +3 long sword (weapon)
 g - a +1 long sword of holy wrath
Armour
 b - a +0 scale mail (worn)
 c - a +0 shield (worn)
Jewellery
 l - an uncursed ring of ice
 m - a ring of protection from cold (left hand)
 o - a ring of poison resistance (right hand)
Scrolls
 e - a scroll of identify
 h - a scroll of enchant armour {unknown}
 k - a scroll of remove curse {unknown}
 n - a scroll of amnesia {unknown}
 p - a scroll of teleportation
 q - 2 scrolls of random uselessness
 u - a scroll of immolation {unknown}
Comestibles
 f - a bread ration
 i - a royal jelly
 s - 2 chunks of flesh
 t - a meat ration


   Skills:
 + Level 3.7 Fighting
 * Level 3.5 Long Blades
 + Level 3.6 Armour
 + Level 1.8 Dodging
 + Level 3.3 Shields


You had 4 spell levels left.
You didn't know any spells.

Dungeon Overview and Level Annotations

Branches:
Dungeon (4/15)
 Temple: D:4-7

Altars:
Ashenzari
Dithmenos
Sif Muna
Trog
Uskayaw
Zin
The Shining One

Annotations:
D:4 Natasha


Innate Abilities, Weirdness & Mutations

You have a pair of small horns on your head.
You regenerate a little health from kills.
You are immune to rotting.


Message History

The ogre hits you with a giant club!
You hit the ogre. Your headbutt misses the ogre.
The ogre is lightly wounded.
The ogre hits you with a giant club!
As you read the scroll labeled VIOHEA SUDOO, it crumbles to dust.
You hear a burbling brook.
It was a scroll of random uselessness.
The ogre closely misses you.
You riposte.
You slash the ogre! Your headbutt misses the ogre.
The ogre is heavily wounded.
You are starting to lose your buoyancy.
There is a stone staircase leading down here.
You float gracefully downwards.
You feel agile all of a sudden. The ogre hits you with a giant club!!
* * * LOW HITPOINT WARNING * * *
You feel very mighty all of a sudden.
Your shield and scale mail prevent you from hitting the ogre.
The ogre is moderately wounded.
The ogre hits you with a giant club!
You die...

#.# #.# #.....#
#..# ## #.# #.#
#.....# ##.##
.. ..# #.#
#########..# .#
### #.#
#.......##
.##### #.#
#########
.....# #.#
##########88_##
.###.# #.#
#......#_...._#
.# #.# #.#
#.########..###
.# #.# #.# #@#
#_....# .#
#.#####.# #O#
###..### ##
#.......# #.#
#_....⌠#
#..###### #.#
###..###
####..# #.#
#...._# ......#
#.# ###..###
..###.#
#.######......#
### #.#
#......##8..8##
h## #.#
######....(.##


You could see an ogre.

Vanquished Creatures
  Blork the orc (D:4)
  A howler monkey (D:3)
  A hound (D:4)
  A worker ant (D:4)
  4 adders
  An ooze (D:1)
  2 worms
  A dart slug (D:1)
  2 leopard geckos
  A ball python (D:1)
  2 giant cockroaches (D:2)
  6 goblins
  6 hobgoblins
  A jackal (D:2)
  6 kobolds (D:1)
  2 quokkas (D:2)
  5 bats
  4 rats
47 creatures vanquished.

Notes
Turn   | Place    | Note
-------+----------+-------------------------------------------
     0 | D:1      | Alarkh the Demonspawn Fighter began the quest for the Orb.
     0 | D:1      | Reached XP level 1. HP: 18/18 MP: 1/1
   210 | D:1      | Gained mutation: You have a pair of small horns on your head. [demonic ancestry]
   210 | D:1      | Reached XP level 2. HP: 12/24 MP: 2/2
   728 | D:1      | Reached skill level 1 in Dodging
   782 | D:1      | Gained mutation: You regenerate a little health from kills. [demonic ancestry]
   782 | D:1      | Reached XP level 3. HP: 29/29 MP: 3/3
  1441 | D:2      | Gained mutation: You are immune to rotting. [demonic ancestry]
  1441 | D:2      | Reached XP level 4. HP: 35/35 MP: 4/4
  2071 | D:4      | Reached XP level 5. HP: 36/41 MP: 5/5
  2106 | D:4      | Noticed Blork the orc
  2122 | D:4      | Killed Blork the orc
  2241 | D:4      | Noticed Natasha
  2311 | D:4      | Found a shadowy altar of Dithmenos.
  2348 | D:4      | Found a bloodstained altar of Trog.
  2361 | D:4      | Found a glowing golden altar of the Shining One.
  2362 | D:4      | Found a deep blue altar of Sif Muna.
  2364 | D:4      | Found a shattered altar of Ashenzari.
  2365 | D:4      | Found a hide-covered altar of Uskayaw.
  2367 | D:4      | Found a glowing silver altar of Zin.
  2472 | D:4      | Noticed an ogre
  2555 | D:4      | Slain by an ogre

Vault maps used:
D:1:      lightli_arrival_maybe_door_vault, minivault_25
D:3:      hangedman_abyss_or_decor_lesser_grid
D:4:      minitemple, nicolae_overflow_hidden_temple, first_bread,
          kennysheep_minor_cross, bh_walls_and_bars, uniq_blork_the_orc,
          uniq_natasha

Skill      XL: |  1  2  3  4 |
---------------+-------------+-----
Long Blades    | 2 3 |  3.5
Dodging        | 1 |  1.8
Armour         | 3 |  3.6
Shields        | 3 |  3.3
Fighting       | |  3.7

Action                   |  1- 3 |  4- 6 || total
-------------------------+-------+-------++-------
Melee: Long sword        |    94 |    61 ||   155
       Headbutt          |    10 |     9 ||    19
  Use: Scroll            |     3 |     4 ||     7
       Potion            |       |     4 ||     4
  Eat: Chunk             |     2 |     3 ||     5
Armor: Scale mail        |    39 |    26 ||    65
       Skin              |       |     6 ||     6
Dodge: Dodged            |    31 |    14 ||    45
Block: Shield            |    58 |    23 ||    81
       Rpst.: Long sword |     9 |     6 ||    15
